 Dungeon Crawl Stone Soup version 0.31.0-9-g3a7656b989 (webtiles) character file.

Game seed: 16531078797336260973

28 qw the Shooter (level 2, 0/14 HPs)
             Began as a Spriggan Hunter on Feb 2, 2024.
             Succumbed to their own poison gas
             ... on level 1 of the Dungeon.
             The game lasted 00:00:02 (556 turns).

qw the Shooter (Spriggan Hunter)                     Turns: 556, Time: 00:00:03

Health: 0/14       AC:  2    Str:  7    XL:     2   Next: 96%
Magic:  3/3        EV: 19    Int: 10    God:
Gold:   36         SH:  0    Dex: 18    Spells: 1/1 levels left

rFire   . . .        a - +0 shortbow
rCold   . . .        (shield currently unavailable)
rNeg    . . .        c - +0 robe
rPois   .            (helmet restricted)
rElec   .            (no cloak)
rCorr   .            (gloves unavailable)
SInv    +            (boots unavailable)
Will    .....        (no amulet)
Stlth   ++           (no ring)
HPRegen 0.22/turn    (no ring)
MPRegen 0.08/turn

%: no passive effects
@: lethally poisoned (0 -> -8), very quick
A: very small, no large weapons, unfitting armour, see invisible, speed 3
a: no special abilities


You were on level 1 of the Dungeon.
You visited 1 branch of the dungeon, and saw 1 of its levels.

You collected 36 gold pieces.


Innate Abilities, Weirdness & Mutations

You are very small and have problems with some larger weapons.
You are too small for most types of armour.
You have supernaturally acute eyesight. (SInv)
You cover ground extremely quickly. (Speed+++)


   Skills:
 - Level 1.5 Fighting
 + Level 4.4 Ranged Weapons
 - Level 4.0 Dodging
 - Level 1.5 Stealth


You had one spell level left.
You didn't know any spells.
Your spell library was empty.

Inventory:

Hand Weapons
 a - a +0 shortbow (weapon)
Armour
 c - a +0 robe (worn)
Potions
 f - a potion of curing {unknown}
 h - a potion of enlightenment {unknown}

Dungeon Overview and Level Annotations

Branches:
Dungeon (1/15)

Altars:

Shops:
D:1 =


Message History

Done exploring.
549 ||| READING scroll labelled WEGODGH LOKO.
As you read the scroll labelled WEGODGH LOKO, it crumbles to dust.
It is a scroll of identify.
549 ||| IDENTIFYING fizzy silvery potion
e - a potion of degeneration Done exploring.
550 ||| READING scroll labelled GEUKAU BE PICH.
The air fills with toxic fumes!
As you read the scroll labelled GEUKAU BE PICH, it crumbles to dust.
It was a scroll of poison.
Done exploring.
551 ||| DROPPING scroll of butterflies.
You drop a scroll of butterflies.
Done exploring.
552 ||| DROPPING potion of degeneration.
You drop a potion of degeneration.
Done exploring.
What level of the Dungeon? (default 1, ? - help) Sorry, I don't know how to get there.
Enter note:
Enter note:
Enter note:
Enter note:
Enter note:
Enter note:
Enter note:
Enter note:
Enter note:
Enter note: You are engulfed in poison gas.
You are lethally poisoned!
You feel very sick.
554 ||| Stepping ~*~*~tactically~*~*~ (cloud).
You feel sick.
Things that are here:
a potion of degeneration; a scroll of butterflies
There is a lethal amount of poison in your body!
You feel very sick.
There is a lethal amount of poison in your body!
You die...

#.......#..)....#
#.........
#.......#.......#
#######...
#....¤..........#
##..
#....¤¤7~.#######
#.. ######+¤~~#
### #¤P¤~##
#07¤P.#
#¤0P¤¤#########
#0¤0¤¤¤@¤¤¤¤0¤#
###############


There were no monsters in sight!

Vanquished Creatures
  2 ball pythons (D:1)
  3 goblins (D:1)
  3 hobgoblins (D:1)
  8 jackals (D:1)
  4 bats (D:1)
  A frilled lizard (D:1)
  A kobold (D:1)
  3 rats (D:1)
25 creatures vanquished.

Notes
Turn   | Place    | Note
-------+----------+-------------------------------------------
     0 | D:1      | qw the Spriggan Hunter began the quest for the Orb.
     0 | D:1      | Reached XP level 1. HP: 10/10 MP: 2/2
     0 | D:1      | 0 ||| qw: Version: 0.3-a-155-g5e7d8dd
     0 | D:1      | 0 ||| qw: Game counter: 1706
     0 | D:1      | 0 ||| qw: Melee chars always use a shield: true
     0 | D:1      | 0 ||| qw: God list: Okawaru
     0 | D:1      | 0 ||| qw: Allow faded altars: false
     0 | D:1      | 0 ||| qw: Do Orc after clearing Dungeon:15 true
     0 | D:1      | 0 ||| qw: Do second Lair branch before Depths: true
     0 | D:1      | 0 ||| qw: Lair rune preference: random
     0 | D:1      | 0 ||| qw: Goals: Normal
     0 | D:1      | 0 ||| PLANNING D:1-11
    17 | D:1      | Reached skill level 3 in Dodging
    86 | D:1      | 86 ||| RETREEEEATING.
    88 | D:1      | 88 ||| RETREEEEATING.
    89 | D:1      | 89 ||| RETREEEEATING.
    90 | D:1      | 90 ||| RETREEEEATING.
    98 | D:1      | Reached XP level 2. HP: 11/14 MP: 3/3
   442 | D:1      | Found Neypox's Jewellery Shop.
   450 | D:1      | 450 ||| SHOPLISTING +4 ring of protection (360 gold, have
                  | 36).
   450 | D:1      | 450 ||| SHOPLISTING +6 ring of dexterity (360 gold, have
                  | 36).
   450 | D:1      | 450 ||| SHOPLISTING amulet of guardian spirit (300 gold,
                  | have 36).
   450 | D:1      | 450 ||| SHOPLISTING amulet of reflection (300 gold, have
                  | 36).
   450 | D:1      | 450 ||| SHOPLISTING ring "Fiuheluv" {Ice Str+2} (362 gold,
                  | have 36).
   549 | D:1      | 549 ||| READING scroll labelled WEGODGH LOKO.
   549 | D:1      | 549 ||| IDENTIFYING fizzy silvery potion
   550 | D:1      | 550 ||| READING scroll labelled GEUKAU BE PICH.
   551 | D:1      | 551 ||| DROPPING scroll of butterflies.
   552 | D:1      | 552 ||| DROPPING potion of degeneration.
   554 | D:1      | 554 ||| Stepping ~*~*~tactically~*~*~ (cloud).
   555 | D:1      | HP: 2/14 [poisoned by you (poison gas)]
   556 | D:1      | Succumbed to their own poison gas

Levels and vault maps discovered:
D:1:      minmay_arrival_radiant_lines, layout_basic, serial_shops, shop,
          st_stairs_3, grunt_decor_cap, serial_bayou_pond_e,
          minmay_misc_feat_five, minmay_pentomino_z4

Skill      XL: |  1  2 |
---------------+-------+-----
Dodging        | 3 4 |  4.0
Fighting       | |  1.5
Ranged Weapons | |  4.4
Stealth        | |  1.5

Action                     || total
---------------------------++-------
   Fire: Shortbow          ||    63
    Use: Scroll            ||     2
 Armour: Robe              ||     6
  Dodge: Dodged            ||    36

Table legend:
 A = Non-vault XP
 B = Vault XP
 C = Vault XP percentage of total XP
 D = Non-vault monster count
 E = Vault monster count
 F = Vault count percentage of total count
                 A         B        C        D         E       F
            +---------+---------+-------+---------+---------+-------
      Total |      34 |       6 |  15.0 |      21 |       4 |  16.0
            +---------+---------+-------+---------+---------+-------
        D:1 |      34 |       6 |  15.0 |      21 |       4 |  16.0
            +---------+---------+-------+---------+---------+-------
